 Dungeon Crawl Stone Soup version 0.30-a0-1164-ge08a67761e (webtiles) character file.

Game seed: 1366528778087144204

1066 ryw the Basher (level 8, -7/58 HPs)
             Began as a Mummy Fighter on Apr 30, 2023.
             Splashed by a jelly's acid (8 damage)
             ... on level 6 of the Dungeon.
             The game lasted 00:08:21 (5570 turns).

ryw the Basher (Mummy Fighter)                      Turns: 5570, Time: 00:08:23

Health: -7/58      AC:  3    Str: 21    XL:     8   Next: 7%
Magic:  0/8        EV:  9    Int:  8    God:
Gold:   317        SH:  4    Dex: 11    Spells: 7/7 levels left

rFire   x . .        k - +0 morningstar
rCold   + . .        c - +0 buckler
rNeg    + + +        b - +0 scale mail
rPois   ∞            (no helmet)
rElec   .            g - +0 cloak
rCorr   .            (no gloves)
SInv    .            (no boots)
Will    +....        i - amulet of guardian spirit Stlth
                     (no ring)
HPRegen 0.29/turn    (no ring)
MPRegen 0.11/turn

%: guardian spirit, faith
@: about to teleport, corroded
A: cold resistance 1, negative energy resistance 3, torment resistance 2, heat
vulnerability 1, in touch with death 1, no potions, faith
a: no special abilities


You were on level 6 of the Dungeon.
You visited 2 branches of the dungeon, and saw 7 of its levels.

You collected 317 gold pieces.

Inventory:

Hand Weapons
 k - a +0 morningstar (weapon)
Missiles
 e - 5 atropa-tipped darts
 f - 9 poisoned darts
Armour
 b - a +0 scale mail (worn)
 c - a +0 buckler (worn)
 g - a +0 cloak (worn)
Jewellery
 i - an amulet of guardian spirit (around neck)
 j - the amulet of Mefexeu {RegenMP +Blink rF+ Will+ rCorr}
   (You found it on level 4 of the Dungeon)

   [amulet of magic regeneration]

   It increases your rate of magic regeneration.
   rF:        It protects you from fire.
   +Blink:    It lets you blink.
   rCorr:     It protects you from acid and corrosion.
   Will:      It increases your willpower.
Wands
 n - a wand of roots (3) (quivered)
Scrolls
 a - a scroll of immolation
 d - 3 scrolls of teleportation
 h - a scroll of fear {unknown}
 l - a scroll of enchant armour {unknown}
 m - a scroll of torment
 o - a scroll of blinking {unknown}
 p - a scroll of identify


   Skills:
 - Level 3.0 Fighting
 + Level 8.1 Maces & Flails
 - Level 2.4 Armour
 - Level 2.4 Shields


You had 7 spell levels left.
You didn't know any spells.
Your spell library contained the following spells:

 Spells                   Type           Power      Damage    Failure   Level
 Ensorcelled Hibernation  Hex/Ice        0%         N/A       92%         2
 Lesser Beckoning         Tloc           0%         N/A       92%         2
 Passwall                 Tmut/Erth      0%         N/A       92%         2
 Gell's Gravitas          Tloc           0%         N/A       99%         3
 Swiftness                Air            0%         N/A       99%         3
 Teleport Other           Tloc           0%         N/A       99%         3
 Petrify                  Tmut/Erth      0%         N/A       100%        4
 Irradiate                Conj/Tmut      0%         3d11      100%        5
 Sublimation of Blood     Necr           Unusable   N/A       N/A         2

Dungeon Overview and Level Annotations

Branches:
Dungeon (6/15)             Temple (1/1) D:5

Altars:
Ashenzari
Cheibriados
Dithmenos
Fedhas
Gozag
Hepliaklqana
Kikubaaqudgha
Makhleb
Nemelex Xobeh
Qazlal
Ru
Sif Muna
Trog
Uskayaw
Vehumet
Wu Jian
Xom
Yredelemnul

Shops:
D:5 [   D:6 !


Innate Abilities, Weirdness & Mutations

You are immune to poison.
Your flesh is cold resistant. (rC+)
You are immune to negative energy. (rN+++)
You are immune to unholy pain and torment.
You are vulnerable to heat. (rF-)
You are in touch with the powers of death.
You do not drink.
You have a special connection with the divine. (Faith)


Message History

The yak is almost dead.
The yak gores you!
You hit the yak.
The yak is almost dead.
The yak gores you!
* * * LOW HITPOINT WARNING * * *
You hit the yak.
The yak is almost dead.
The yak gores you but does no damage.
You thump the yak!
You kill the yak!
Your Maces & Flails skill increases to level 8!
You have reached level 8!
You hit the ufetubus but do no damage. The ufetubus closely misses you.
The ufetubus barely misses you. The ufetubus completely misses you.
The ufetubus misses you.
You closely miss the ufetubus.
The ufetubus hits you but does no damage.
The ufetubus completely misses you. The ufetubus hits you.
* * * LOW HITPOINT WARNING * * *
The ufetubus barely misses you.
You sock the ufetubus!
You kill the ufetubus!
The jelly hits you but does no damage.
You hit the jelly. The acid corrodes you!
Your hands burn!
* * * LOW HITPOINT WARNING * * *
The jelly is moderately wounded.
An adder comes into view.
The jelly hits you.
* * * LOW HITPOINT WARNING * * *
You are splashed with acid!
* * * LOW HITPOINT WARNING * * *
You hit the jelly.
Your hands burn!
* * * LOW HITPOINT WARNING * * *
The jelly is severely wounded.
The jelly jiggles.
The jelly completely misses you.
As you read the scroll of teleportation, it crumbles to dust.
You feel strangely unstable. The jelly hits you.
You are splashed with acid!
You die...

................#.#.......#^#.##
..........#...#.....#...#.......
#......<....#....#....#....#....
#...#.#.......#.....#...#.......
# # #...[.....#.#.......#...##
#...####......#####....### ##..#
#........######## ### ####
#####.###..## +.##
#SJ@...#....## ##..##
##.##...###...## #....##
#..#...## ###..## #.....##
##.##...# ##..# .......##
#.J#...## ##.#
........##...##...# ##.#
..#......##..#...## #..#
..##......####...# ##.##
.####......##...## #..##


You could see a jelly and an adder.

Vanquished Creatures
  A yak (D:6)
  Menkaure (D:6)
  An ice beast (D:6)
  A black bear (D:4)
  Blork the orc (D:6)
  A howler monkey (D:4)
  2 orc priests (D:6)
  A gnoll bouda (D:4)
  3 iguanas
  3 orc wizards
  7 gnolls
  Robin (D:2)
  6 adders
  2 ufetubi
  2 worms (D:2)
  2 dart slugs
  16 orcs
  A bat (D:2)
  9 endoplasms
  2 giant cockroaches
  10 goblins
  4 hobgoblins
  8 jackals
  A quokka (D:2)
  2 ball pythons (D:1)
  4 frilled lizards
  8 kobolds
  7 rats
107 creatures vanquished.

Vanquished Creatures (others)
  An orc wizard (D:6)
1 creature vanquished.

Grand Total: 108 creatures vanquished

Notes
Turn   | Place    | Note
-------+----------+-------------------------------------------
     0 | D:1      | ryw the Mummy Fighter began the quest for the Orb.
     0 | D:1      | Reached XP level 1. HP: 18/18 MP: 1/1
   125 | D:1      | Reached skill level 2 in Maces & Flails
   191 | D:1      | Reached XP level 2. HP: 24/24 MP: 2/2
   557 | D:2      | Noticed Robin
   676 | D:2      | Killed Robin
   677 | D:2      | Reached skill level 3 in Maces & Flails
   677 | D:2      | Gained mutation: You are in touch with the powers of death.
                  | [Mummy growth]
   677 | D:2      | Reached XP level 3. HP: 22/29 MP: 3/3
  1184 | D:2      | Found a faded altar of an unknown god.
  1636 | D:3      | Reached XP level 4. HP: 27/35 MP: 4/4
  2186 | D:3      | Reached skill level 4 in Maces & Flails
  2598 | D:4      | Noticed a black bear
  2602 | D:4      | Reached XP level 5. HP: 33/41 MP: 3/5
  2611 | D:4      | Killed a black bear
  2612 | D:4      | Reached skill level 5 in Maces & Flails
  2633 | D:4      | Reached XP level 6. HP: 25/47 MP: 1/6
  2770 | D:4      | Identified the amulet of Mefexeu {RegenMP +Blink rF+ Will+
                  | rCorr}
  3085 | D:4      | Found a radiant altar of Vehumet.
  3170 | D:5      | Entered Level 5 of the Dungeon
  3559 | D:4      | Reached skill level 6 in Maces & Flails
  3974 | D:5      | Found a staircase to the Ecumenical Temple.
  3985 | Temple   | Entered the Ecumenical Temple
  4093 | D:5      | Found Idocuewo's Antique Armour Shoppe.
  4144 | D:5      | Found a burning altar of Makhleb.
  4606 | D:6      | Noticed Blork the orc
  4619 | D:6      | Killed Blork the orc
  4620 | D:6      | Reached XP level 7. HP: 39/52 MP: 5/7
  4811 | D:6      | Found Coerreidd's Distillery.
  4822 | D:6      | Noticed Menkaure
  4826 | D:6      | Killed Menkaure
  4827 | D:6      | Reached skill level 7 in Maces & Flails
  5031 | D:6      | Found an ornate altar of the Wu Jian Council.
  5262 | D:6      | Identified the +10 hand axe of Fucabum {heavy, rC+}
  5549 | D:6      | Noticed a yak
  5564 | D:6      | Killed a yak
  5565 | D:6      | Reached skill level 8 in Maces & Flails
  5565 | D:6      | Reached XP level 8. HP: 15/58 MP: 2/8
  5569 | D:6      | HP: 1/58 [acid (4)]
  5570 | D:6      | Splashed by a jelly's acid

Illustrated notes

Levels and vault maps discovered:
D:1:      heliophobic_arrival_ceremonial_halls, layout_rooms
D:2:      layout_basic, ebering_ecumenical_altar_abandoned, uniq_robin
D:3:      layout_rooms
D:4:      layout_loops_cross, kennysheep_mini
D:5:      layout_cave_pods, lemuel_tele_altar,
          mainiacjoe_overflow_surrounded_room, minmay_temple_entry_stoned_glass,
          serial_shops, kennysheep_mini_moat
D:6:      minmay_razor_zed, layout_layer_cave, kennysheep_little_box,
          serial_shops, shop, minivault_27, nicolae_kite_square_tiling_tiny,
          uniq_menkaure, uniq_blork_the_orc
Temple:   nicolae_temple_x_marks_the_god

Skill      XL: |  1  2  3  4  5  6  7 |
---------------+----------------------+-----
Maces & Flails | 2 3 4 5 6 8 |  8.1
Fighting       | |  3.0
Armour         | |  2.4
Shields        | |  2.4

Action                     |  1- 3 |  4- 6 |  7- 9 || total
---------------------------+-------+-------+-------++-------
  Melee: Flail             |   164 |   130 |       ||   294
         Morningstar       |       |    72 |    70 ||   142
  Throw: Dart              |       |     3 |       ||     3
  Evoke: Wand              |       |       |     2 ||     2
    Use: Scroll            |       |     1 |     4 ||     5
 Armour: Scale mail        |    67 |   106 |    31 ||   204
  Dodge: Dodged            |    76 |   140 |    30 ||   246
  Block: Buckler           |    30 |    55 |    16 ||   101

Table legend: (Time is in decaauts)
 A = Elapsed time spent in this place.
 B = Non-inter-level travel time spent in this place.
 C = Inter-level travel time spent in this place.
 D = Time resting spent in this place.
 E = Time spent auto-exploring this place.
 F = Levels seen in this place.
 G = Mean time per level.
                   A        B        C        D        E       F      G
               +--------+--------+--------+--------+--------+-----+--------+
         Total |   5681 |   5460 |    221 |    775 |   3522 |   7 |  811.6 |
       Dungeon |   5616 |   5402 |    214 |    775 |   3470 |   6 |  936.0 |
        Temple |     64 |     57 |      7 |      0 |     52 |   1 |   64.0 |
               +--------+--------+--------+--------+--------+-----+--------+

Top non-repeatable levels by time:
     D:4: 1386 daAuts
     D:2: 1105 daAuts
     D:6: 963 daAuts
     D:5: 945 daAuts
     D:3: 646 daAuts
     D:1: 569 daAuts
  Temple: 64 daAuts
